AoeStats
← marzzzel1337

Northern Isles

510378734Analyzed
1v1 RM · 2d ago on Sep 30, 2026· 50m 52s· 2 players
Game mode
Random Map
Map size
Tiny (2 player)
Population
200
Speed
Normal
Resources
Standard
Victory
Conquest
Starting age
Dark Age
Ending age
Imperial Age
RankedLock teamsTeams togetherTeam positionsShared explorationLock speedFull tech treeHidden civsTurbo modeCheats
Victory
Defeat
🇩🇪 Franks · Germany
638
+29
🇨🇭 Armenians · Switzerland
626
-15
T4PH
3:39 Loom
13:23 Feudal Age
15:03 Man-at-Arms
16:27 Double-Bit Axe
16:24 Horse Collar
17:32 Long Swordsman
20:55 Pikeman
28:11 Castle Age
29:07 Halberdier
35:11 Squires
marzzzel1337
12:48 Feudal Age
14:07 Wheelbarrow
13:21 Double-Bit Axe
13:29 Gold Mining
13:58 Town Watch
18:07 Fishing Lines
21:36 Castle Age
22:30 Bow Saw
22:25 Husbandry
22:32 Scale Barding Armor
24:09 Chain Barding Armor
24:00 Forging
26:34 Hand Cart
27:37 Iron Casting
43:38 Imperial Age
42:58 Gold Shaft Mining
44:33 Cavalier
46:28 Blast Furnace
46:04 Plate Barding Armor
46:00 Stone Mining
Connection lost

Rejoining the realm…

Still unreachable

The connection could not be restored.

Session expired

The server has moved on; the page needs a fresh start.